 Dungeon Crawl Stone Soup version 0.19-a0-1886-gd64a0f0 (webtiles) character file.

998 Kirkhe the Spear-Bearer (level 8, -3/51 HPs)
             Began as an Octopode Gladiator on Oct 16, 2016.
             Slain by an ice beast (7 damage)
             ... on level 6 of the Dungeon.
             The game lasted 00:08:13 (4638 turns).

Kirkhe the Spear-Bearer (Octopode Gladiator)        Turns: 4638, Time: 00:08:14

Health: -3/51      AC:  2    Str: 14    XL:     8   Next: 19%
Magic:  8/8        EV: 15    Int: 12    God:
Gold:   448        SH:  0    Dex: 18    Spells: 0 memorised, 7 levels left

rFire  + . .     SeeInvis .     a - +1 trident
rCold  + . .     Gourm    .     (no shield)
rNeg   . . .     Faith    .     b - +1 hat
rPois  +         Spirit   .     (no amulet)
rElec  +         Dismiss  .     s - +5 ring of dexterity
rCorr  +         Reflect  .     (no ring)
MR     .....     Harm     .     (no ring)
Stlth  ++++......               (no ring)
                                (no ring)
                                (no ring)
                                (no ring)
                                (no ring)

@: resistant, very slightly contaminated
A: almost no armour, stealthy swim, amphibious, 8 rings, constrict 8, camouflage
1, gelatinous body 1
a: no special abilities


You were on level 6 of the Dungeon.
You were not hungry.

You visited 1 branch of the dungeon, and saw 8 of its levels.

You collected 448 gold pieces.

Inventory:

Hand Weapons
 a - a +1 trident (weapon)
 k - a +0 dagger of holy wrath
 l - a +2 dagger of venom
Missiles
 c - 3 throwing nets (quivered)
 i - 31 poisoned needles
Armour
 b - a +1 hat (worn)
 n - a +0 buckler
Jewellery
 s - a +5 ring of dexterity (left tentacle)
Scrolls
 e - a scroll of fear
 g - a scroll of remove curse
 h - 2 scrolls of amnesia
 u - a scroll of magic mapping
Potions
 p - a potion of flight
 t - a potion of invisibility
Comestibles
 d - 3 bread rations
 f - 2 meat rations
 j - 2 beef jerkies
 m - 3 chunks of flesh
 o - 6 fruits
 r - 2 slices of pizza


   Skills:
 + Level 2.5 Fighting
 + Level 8.0 Polearms
 - Level 2.0 Throwing
 + Level 3.2 Dodging
 - Level 6.2 Stealth
 * Level 2.0 Shields


You had 7 spell levels left.
You didn't know any spells.

Dungeon Overview and Level Annotations

Branches:
Dungeon (8/15)
 Temple: D:4-7         Lair: D:8-11

Altars:
Dithmenos


Innate Abilities, Weirdness & Mutations

You cannot wear most types of armour.
You are very stealthy in the water. (Stealth+)
You are amphibious.
You can wear up to eight rings at the same time.
You can use your tentacles to constrict eight enemies at once.
Your skin changes colour to match your surroundings (Stealth+).
Your rubbery body absorbs attacks. (AC +1, EV +1)


Message History

You feel protected. The ice beast hits you.
* * * LOW HITPOINT WARNING * * *
The ice beast freezes you. You resist.
* * * LOW HITPOINT WARNING * * *
You hit the ice beast.
The ice beast is severely wounded.
The ice beast closely misses you.
You hit the ice beast but do no damage.
The ice beast is severely wounded.
The ice beast hits you.
* * * LOW HITPOINT WARNING * * *
The ice beast freezes you. You resist.
* * * LOW HITPOINT WARNING * * *
You puncture the ice beast! Your squeeze misses the ice beast.
The ice beast is almost dead.
The ice beast hits you.
* * * LOW HITPOINT WARNING * * *
The ice beast freezes you! You resist.
You die...

#.#######.#####
#.###....#....#
#.#....#...#..#
#.#.#....#....#
#.#.#..#...#..#####
#.#...#..#..#.....#
#.###.#.#...####<##
#.#####.#.#.##?...#
#.......#...##@####
###.......####Y#
#.#####.# ..#
####.#...#.# ####
#....#.#.#.#
#.##.....#.# #
#........#
......#######
####..#


You could see an ice beast.

Vanquished Creatures
  Eustachio (D:4)
  A sky beast (D:7)
  2 ice beasts (D:6)
  3 bullfrogs
  A centaur zombie (D:5)
  An orc priest (D:4)
  An iguana (D:6)
  4 worker ants (D:4)
  A howler monkey skeleton (D:4)
  A gnoll (D:1)
  6 adders
  2 oozes
  An adder zombie (D:6)
  An adder skeleton (D:8)
  7 worms
  3 dart slugs
  2 leopard geckos
  9 orcs
  2 giant cockroaches
  17 goblins
  9 hobgoblins
  8 jackals
  A quokka (D:4)
  2 ball pythons (D:3)
  4 bats
  5 frilled lizards
  6 kobolds
  A quokka skeleton (D:4)
  10 rats
112 creatures vanquished.

Notes
Turn   | Place    | Note
-------+----------+-------------------------------------------
     0 | D:1      | Kirkhe the Octopode Gladiator began the quest for the Orb.
     0 | D:1      | Reached XP level 1. HP: 14/14 MP: 1/1
    53 | D:1      | Reached XP level 2. HP: 15/19 MP: 2/2
   379 | D:1      | Reached skill level 1 in Stealth
   439 | D:1      | Reached skill level 4 in Polearms
   439 | D:1      | Reached XP level 3. HP: 8/24 MP: 3/3
  1141 | D:2      | Reached XP level 4. HP: 29/29 MP: 4/4
  1917 | D:3      | Reached XP level 5. HP: 22/34 MP: 5/5
  1975 | D:3      | Reached skill level 5 in Polearms
  2349 | D:3      | Reached skill level 5 in Stealth
  2496 | D:3      | Reached XP level 6. HP: 33/39 MP: 6/6
  2957 | D:4      | Found a shadowy altar of Dithmenos.
  3283 | D:4      | Noticed Eustachio
  3316 | D:4      | Reached skill level 6 in Polearms
  3515 | D:4      | Killed Eustachio
  3515 | D:4      | Reached XP level 7. HP: 23/45 MP: 7/7
  4091 | D:5      | Entered Level 5 of the Dungeon
  4316 | D:5      | You fall through a shaft for 3 floors!
  4344 | D:8      | Reached skill level 7 in Polearms
  4427 | D:8      | Reached skill level 1 in Shields
  4595 | D:6      | Reached XP level 8. HP: 34/51 MP: 8/8
  4608 | D:6      | Reached skill level 8 in Polearms
  4638 | D:6      | Slain by an ice beast

Vault maps used:
D:1:      ncdulo_lavacross, hangedman_decor_push
D:3:      cheibrodos_greedy_goblins, hangedman_decor_growths,
          minmay_misc_feat_rugged
D:4:      first_bread, hex_medium, minmay_statues_item, kennysheep_another_room,
          nicolae_dithmenos_shadow_blocks, uniq_eustachio
D:5:      serial_shops, nicolae_shop_crystal, minmay_lizard_king
D:6:      hex_tiny
D:8:      uniq_prince_ribbit1

Skill      XL: |  1  2  3  4  5  6  7  8 |
---------------+-------------------------+-----
Stealth        | 1 2 3 5 6 |  6.2
Polearms       | 4 5 6 7 8 |  8.0
Shields        | 2 |  2.0
Fighting       | |  2.5
Throwing       | |  2.0
Dodging        | |  3.2

Action                   |  1- 3 |  4- 6 |  7- 9 || total
-------------------------+-------+-------+-------++-------
Melee: Trident           |    70 |   157 |    59 ||   286
       Constrict         |    11 |    36 |     4 ||    51
       Tentacles         |     7 |    27 |    13 ||    47
  Use: Scroll            |       |    11 |     1 ||    12
       Potion            |       |     1 |     2 ||     3
 Stab: Sleeping          |    16 |    16 |     9 ||    41
       Distracted        |       |     1 |       ||     1
       Invisible         |       |       |     2 ||     2
  Eat: Chunk             |       |     8 |     4 ||    12
Armor: Skin              |     3 |     4 |     1 ||     8
Dodge: Dodged            |    27 |    61 |    25 ||   113
